 Dungeon Crawl Stone Soup version 0.29-a0-338-g1ff7896281 (webtiles) character file.

Game seed: 8908378967773347212

233 rabbitsville the Skirmisher (level 6, 0/54 (68) HPs)
             Began as an Ogre Monk on Apr 18, 2022.
             Slain by a wight
             ... wielding a +3 spear
              (2 damage)
             ... on level 4 of the Dungeon.
             The game lasted 00:05:32 (2831 turns).

rabbitsville the Skirmisher (Ogre Monk)             Turns: 2831, Time: 00:05:32

HP:   0/54 (68)     AC:  9    Str: 18    XL:     6   Next: 4%
MP:   6/6           EV:  7    Int: 11    God:
Gold: 126           SH:  0    Dex: 11    Spells: 5/5 levels left

rFire   + + .      SeeInvis .   e - +0 whip (venom)
rCold   x . .      Faith    .   (no shield)
rNeg    . . .      Spirit   .   f - +0 fire dragon scales
rPois   .          Reflect  .   (helmet restricted)
rElec   .          Harm     .   (no cloak)
rCorr   .          Rampage  .   (gloves unavailable)
Will    .....                   (boots unavailable)
Stlth   ..........              (no amulet)
HPRegen 0.18/turn               (no ring)
MPRegen 0.10/turn               (no ring)

@: heavily drained
A: large, unfitting armour, tough skin 1
a: no special abilities


You were on level 4 of the Dungeon.
You visited 1 branch of the dungeon, and saw 4 of its levels.

You collected 126 gold pieces.

Inventory:

Hand Weapons
 a - a +0 mace
 e - a +0 whip of venom (weapon)
Armour
 b - a +0 robe
 f - +0 fire dragon scales (worn)
 s - a +0 plate armour
Scrolls
 g - a scroll of blinking {unknown}
 k - a scroll of magic mapping {unknown}
 l - a scroll of silence {unknown}
 m - a scroll of brand weapon {unknown}
 n - 3 scrolls of teleportation {unknown}
 o - 2 scrolls of immolation {unknown}
 p - 2 scrolls of identify {unknown}
Potions
 h - a potion of attraction {unknown}
 i - 2 potions of magic {unknown}
 j - a potion of mutation {unknown}
 q - a potion of haste {unknown}
 r - 2 potions of brilliance


   Skills:
 + Level 6.7 Fighting
 + Level 4.6 Maces & Flails
 - Level 2.6 Dodging
 - Level 1.4 Stealth


You had 5 spell levels left.
You didn't know any spells.
Your spell library was empty.

Dungeon Overview and Level Annotations

Branches:
Dungeon (4/15)
 Temple: D:4-7

Altars:

Shops:
D:1 [

Annotations:
D:4 2 transporters, Gibbon's ghost, amateur SpEn


Innate Abilities, Weirdness & Mutations

You are too large for most types of armour.
You have tough skin. (AC +1)


Message History

The wight hits you with a +4 long sword!
You feel drained.
You barely miss the wight. The wight closely misses you.
The wight hits you with a +4 long sword!
You feel drained.
You hit the wight but do no damage.
The wight hits you with a +4 long sword.
* * * LOW HITPOINT WARNING * * *
You feel drained.
* * * LOW HITPOINT WARNING * * *
The wight hits you with a +3 spear!
* * * LOW HITPOINT WARNING * * *
You feel drained.
* * * LOW HITPOINT WARNING * * *
You feel better. The wight hits you with a +3 spear.
* * * LOW HITPOINT WARNING * * *
The wight hits you with a +4 long sword.
* * * LOW HITPOINT WARNING * * *
You are confused.
You feel invigorated.
The wight hits you with a +4 long sword.
* * * LOW HITPOINT WARNING * * *
You feel drained. The wight hits you but does no damage.
The wight hits you but does no damage.
You miss the wight. The wight hits you with a +3 spear.
* * * LOW HITPOINT WARNING * * *
You feel drained.
* * * LOW HITPOINT WARNING * * *
The wight hits you with a +4 long sword.
* * * LOW HITPOINT WARNING * * *
You feel drained.
You feel better.
You feel less invigorated.
The wight hits you with a +4 long sword!
* * * LOW HITPOINT WARNING * * *
The wight barely misses you.
You barely miss the wight. The wight closely misses you.
The wight hits you with a +3 spear!
* * * LOW HITPOINT WARNING * * *
You feel drained.
You die...

### #.. ###########
##.# #.........# #...
#.........#########..#
+....zz...............
#....@....#.#####.#...
#.........#..####.#.##
#.................#..#
.#........###©####.....
.........##5### #####.
..######.##.... ..#. ..
#####.#....# ..##
#.....#..##. #...
#.....#...#..©..##.


You could see 2 wights.

Vanquished Creatures
  A phantom (D:2)
  Natasha (thrice) (D:3)
  3 adders (D:2)
  A worm (D:2)
  2 dart slugs
  An orc (D:3)
  3 endoplasms
  2 giant cockroaches (D:3)
  5 goblins
  5 hobgoblins
  6 jackals
  2 quokkas
  3 ball pythons
  5 bats
  4 frilled lizards
  3 kobolds (D:1)
  4 rats
53 creatures vanquished.

Notes
Turn   | Place    | Note
-------+----------+-------------------------------------------
     0 | D:1      | rabbitsville the Ogre Monk began the quest for the Orb.
     0 | D:1      | Reached XP level 1. HP: 24/24 MP: 1/1
   320 | D:1      | Reached XP level 2. HP: 22/33 MP: 2/2
   683 | D:1      | Found Juetwal's Armour Shoppe.
  1262 | D:2      | Reached XP level 3. HP: 27/41 MP: 3/3
  1407 | D:2      | Reached skill level 5 in Fighting
  1699 | D:2      | Reached XP level 4. HP: 49/50 MP: 4/4
  1726 | D:2      | Noticed a phantom
  1765 | D:2      | Killed a phantom
  1766 | D:2      | Reached skill level 6 in Fighting
  1766 | D:2      | Reached XP level 5. HP: 24/59 MP: 5/5
  2151 | D:3      | Noticed Natasha
  2159 | D:3      | Killed Natasha
  2163 | D:3      | Noticed Natasha
  2178 | D:3      | Killed Natasha
  2427 | D:3      | Noticed Natasha
  2434 | D:3      | Killed Natasha
  2439 | D:3      | Reached XP level 6. HP: 61/68 MP: 6/6
  2668 | D:3      | Found a faded altar of an unknown god.
  2718 | D:4      | Noticed Gibbon's ghost (amateur SpEn)
  2718 | D:4      | Found a transporter.
  2751 | D:4      | Found a transporter.
  2831 | D:4      | HP: 2/55 [wight/+3 spear (7)]
  2831 | D:4      | Slain by a wight

Illustrated notes

Levels and vault maps discovered:
D:1:      psy_arrival_radial02, layout_basic, serial_shops, shop,
          minmay_tetromino_t4
D:2:      layout_basic, minmay_joined_circles
D:3:      layout_basic, basic_ecumenical_altar, minmay_misc_feat_alley,
          uniq_natasha
D:4:      layout_basic, lemuel_doored_altar, gammafunk_ghost_stat_death

Skill      XL: |  1  2  3  4 |
---------------+-------------+-----
Maces & Flails | 3 4 |  4.6
Fighting       | 5 6 |  6.7
Dodging        | |  2.6
Stealth        | |  1.4

Action                   |  1- 3 |  4- 6 || total
-------------------------+-------+-------++-------
Melee: Mace              |    44 |       ||    44
       Whip              |    48 |   114 ||   162
       Punch             |       |     1 ||     1
  Use: Potion            |     1 |     3 ||     4
Armor: Robe              |    17 |       ||    17
       Fire dragon scale |    29 |    50 ||    79
Dodge: Dodged            |    37 |    44 ||    81

Table legend: (Time is in decaauts)
 A = Elapsed time spent in this place.
 B = Non-inter-level travel time spent in this place.
 C = Inter-level travel time spent in this place.
 D = Time resting spent in this place.
 E = Time spent auto-exploring this place.
 F = Levels seen in this place.
 G = Mean time per level.
                   A        B        C        D        E       F      G
               +--------+--------+--------+--------+--------+-----+--------+
         Total |   2845 |   2758 |     87 |    181 |   1882 |   4 |  711.2 |
       Dungeon |   2845 |   2758 |     87 |    181 |   1882 |   4 |  711.2 |
               +--------+--------+--------+--------+--------+-----+--------+

Top non-repeatable levels by time:
     D:1: 1163 daAuts
     D:2: 991 daAuts
     D:3: 579 daAuts
     D:4: 110 daAuts
